Map: Automne céruléen EC

Players

zuka - Winner!

  • Race: Protoss Protoss
  • League: Master
  • Spawn Location: 7:00

italz

  • Race: Terran Terran
  • League: Master
  • Spawn Location: 1:00

VOD

Have the link to the VOD?

Description

Time

  • Played on: Aug. 19, 2018, 7:23 a.m.
  • Length: 12:54
Show
View Real Time Build Order
Export as new Build Order

zuka Protoss - Winner!

Build Orders: Colossus Rush 

Get SALT Encoding   

  12  0:00  Probe  
  13  0:13  Probe  
  14  0:18  Pylon  
  14  0:21  Probe  
  15  0:32  Probe  
  15  0:38  Gateway  
  16  0:42  Probe  
  16  0:47  Assimilator  
  17  0:53  Probe  
  18  1:01  Probe  
  18  1:09  Probe  
  20  1:21  Probe  
  21  1:26  Zealot  
  21  1:32  Cybernetics Core  
  23  1:39  Pylon  
  23  1:57  Probe  
  23  1:58  Stalker  
  26  2:15  Nexus  
  26  2:17  Probe  
  26  2:22  Assimilator  
  27  2:24  Warp Gate  
  28  2:32  Stalker  
  29  2:46  Probe  
  31  2:58  Pylon, Probe  
  31  3:01  Robotics Facility  
  31  3:16  Probe  
  32  3:24  Probe  
  32  3:31  Gateway  
  32  3:32  Probe  
  32  3:33  Gateway  
  34  3:43  Probe  
  33  3:55  Probe  
  34  4:07  Probe  
  35  4:10  Immortal  
  35  4:16  Probe  
  36  4:19  Probe  
  36  4:22  Robotics Bay  
  41  4:28  Probe  
  41  4:29  Pylon  
  42  4:31  Probe  
  42  4:35  Stalker  
  42  4:36  Stalker  
  47  4:40  Probe  
  47  4:45  Probe  
  49  4:46  Warp Prism  
  49  4:52  Probe  
  50  4:57  Probe  
  53  5:04  Assimilator  
  53  5:06  Assimilator  
  54  5:08  Gravitic Drive  
  54  5:09  Probe  
  54  5:12  Colossus  
  54  5:19  Probe  
  55  5:21  Probe  
  62  5:35  Pylon  
  62  5:43  Pylon  
  62  5:53  Probe x2  
  62  5:55  Shield Battery  
  64  6:02  Pylon  
  64  6:03  Extended Thermal Lance  
  64  6:04  Colossus  
  64  6:05  Probe x2  
  72  6:17  Probe  
  74  6:21  Stalker x2  
  77  6:28  Nexus  
  77  6:46  Colossus  
  77  6:52  Probe  
  77  6:53  Probe  
  85  7:05  Probe  
  86  7:16  Pylon  
  86  7:18  Pylon  
  86  7:20  Forge  
  86  7:24  Pylon  
  86  7:25  Forge  
  86  7:26  Shield Battery  
  86  7:27  Pylon  
  86  7:33  Immortal  
  86  7:34  Protoss Ground Weapons Level 1, Probe x2  
  88  7:37  Protoss Ground Armor Level 1  
  88  7:39  Probe  
  93  7:45  Stalker x3  
  93  7:46  Probe x2  
  101  7:51  Probe  
  101  7:53  Photon Cannon  
  101  7:55  Photon Cannon  
  102  7:58  Probe  
  103  8:07  Photon Cannon  
  103  8:10  Probe x2  
  106  8:13  Observer  
  106  8:18  Probe  
  107  8:22  Pylon, Probe  
  107  8:23  Probe  
  107  8:26  Pylon  
  109  8:29  Stalker x2  
  109  8:30  Stalker, Probe  
  116  8:35  Probe x2  
  118  8:43  Probe  
  118  8:44  Twilight Council  
  118  8:46  Gateway  
  119  8:49  Gateway  
  119  8:51  Probe, Gateway  
  119  8:52  Probe  
  119  8:55  Immortal, Probe  
  122  8:58  Assimilator  
  122  9:02  Assimilator  
  121  9:03  Probe  
  121  9:04  Pylon  
  121  9:07  Zealot x2  
  121  9:09  Zealot  
  132  9:11  Probe  
  132  9:12  Protoss Ground Weapons Level 2, Protoss Ground Armor Level 2  
  133  9:29  Pylon  
  133  9:34  Observer  
  133  9:37  Templar Archives, Charge  
  134  9:42  Pylon  
  134  9:47  Zealot x4  
  134  9:48  Zealot  
  144  9:54  Pylon  
  144  9:55  Observer  
  144  9:56  Pylon  
  145  10:02  Psionic Storm  
  145  10:13  Pylon  
  145  10:15  Zealot x2  
  145  10:16  Gateway  
  145  10:17  Gateway  
  145  10:18  Pylon, Gateway  
  145  10:20  Dark Shrine  
  149  10:25  High Templar x2  
  153  10:29  High Templar  
  153  10:30  Observer  
  153  10:32  Pylon  
  155  10:36  Nexus  
  155  10:41  High Templar  
  157  10:42  Zealot  
  157  10:46  Photon Cannon  
  159  11:01  Gateway  
  159  11:04  Gateway, Observer  
  159  11:07  Zealot  
  159  11:09  High Templar x2  
  159  11:10  High Templar  
  166  11:21  High Templar  
  168  11:35  High Templar  
  170  11:47  Zealot  
  170  11:48  Zealot  
  170  11:49  Zealot x2  
  170  11:50  Zealot x2  
  139  12:18  Dark Templar x2  
  139  12:19  Dark Templar  
  139  12:20  Dark Templar x3  
  139  12:21  Stalker  
Show
View Real Time Build Order
Export as new Build Order

italz Terran 

Build Orders: Reaper Expand, MMM Bio 

Get SALT Encoding   

  12  0:00  SCV  
  13  0:12  SCV  
  14  0:18  Supply Depot  
  14  0:25  SCV  
  15  0:40  SCV  
  15  0:41  Barracks  
  16  0:45  Refinery  
  16  0:52  SCV  
  17  1:04  SCV, Engineering Bay  
  18  1:16  SCV  
  19  1:22  Refinery  
  18  1:29  Reaper  
  18  1:31  Orbital Command  
  19  1:59  Command Center  
  19  2:04  SCV  
  20  2:10  Marine  
  20  2:11  Factory  
  21  2:19  Supply Depot  
  21  2:22  SCV  
  22  2:46  Barracks Reactor  
  22  2:56  Command Center  
  22  2:57  SCV  
  23  3:00  Cyclone  
  26  3:17  SCV  
  26  3:19  Refinery  
  27  3:22  Marine x2  
  28  3:29  SCV  
  29  3:34  Supply Depot  
  29  3:41  SCV  
  29  3:47  Marine x2, Cyclone  
  31  3:53  SCV  
  27  4:14  Marine x2  
  27  4:15  SCV  
  29  4:18  Orbital Command  
  29  4:21  Starport  
  28  4:35  SCV  
  28  4:37  Orbital Command  
  29  4:47  SCV  
  29  4:51  SCV, Barracks Tech Lab  
  31  4:53  Widow Mine x2  
  31  4:59  SCV  
  36  5:00  Bunker  
  36  5:03  SCV  
  36  5:04  Medivac  
  39  5:19  Widow Mine  
  39  5:20  Widow Mine, SCV x3  
  46  5:25  Marine  
  47  5:30  Stimpack  
  47  5:36  SCV x3  
  50  5:48  Widow Mine x2  
  50  5:49  SCV x3  
  57  5:53  Supply Depot  
  57  5:55  Engineering Bay  
  57  5:58  Medivac  
  57  6:00  Marine  
  57  6:01  SCV x3  
  63  6:13  SCV x2  
  63  6:17  Marine  
  66  6:20  Widow Mine x2  
  66  6:24  SCV  
  66  6:25  SCV x2  
  72  6:35  Marine, Viking  
  73  6:42  Widow Mine x2  
  76  6:47  SCV x2  
  76  6:53  Marine  
  75  7:04  SCV x2  
  67  7:09  SCV  
  67  7:11  Marauder  
  70  7:16  SCV  
  70  7:19  Barracks x2  
  70  7:21  Barracks  
  70  7:22  Barracks  
  71  7:24  SCV  
  71  7:26  Refinery  
  71  7:28  Refinery  
  72  7:37  SCV  
  72  7:38  SCV  
  74  7:44  SCV  
  74  7:49  Marauder  
  77  7:58  Supply Depot  
  77  8:00  Supply Depot  
  77  8:01  Supply Depot, Combat Shields  
  77  8:16  Supply Depot  
  77  8:17  Barracks Tech Lab x2, Barracks Reactor  
  77  8:18  Barracks Tech Lab  
  77  8:19  SCV x3, Viking  
  82  8:22  Supply Depot  
  82  8:28  Factory Tech Lab, Barracks x2  
  82  8:31  SCV, Viking, Command Center  
  85  8:41  Marauder x4  
  93  8:44  SCV x2  
  93  8:46  Supply Depot  
  95  8:49  Supply Depot  
  95  9:04  Medivac x2, Marine  
  95  9:05  Marine x3, Marauder  
  95  9:06  Marauder  
  95  9:07  Orbital Command  
  95  9:08  Siege Tank  
  110  9:10  Supply Depot  
  110  9:11  Supply Depot  
  110  9:23  Marine, Marauder  
  110  9:24  Marine, Marauder  
  113  9:27  Marauder x2  
  120  9:31  SCV x2  
  120  9:33  SCV  
  122  9:41  Marine  
  122  9:42  Siege Tank  
  122  9:43  SCV x2  
  122  9:44  Medivac  
  122  9:45  Medivac, SCV  
  133  9:47  Refinery  
  133  9:50  Refinery  
  133  9:52  Marine x2, Marauder x3  
  141  9:55  Supply Depot  
  141  9:59  Marine  
  142  10:00  Refinery  
  142  10:02  Terran Infantry Weapons Level 1  
  142  10:05  Supply Depot x2  
  142  10:07  Refinery, Barracks Reactor  
  142  10:08  Barracks Tech Lab  
  142  10:09  Marine  
  142  10:11  SCV x3  
  146  10:19  Orbital Command  
  146  10:23  Marine, SCV x3  
  146  10:24  Marine x2, Marauder x2  
  146  10:25  Siege Tank  
  146  10:27  Marine  
  160  10:30  Armory  
  160  10:32  Engineering Bay  
  160  10:37  Starport  
  160  10:38  Marine  
  160  10:40  Liberator x2  
  160  10:41  Marine x2  
  160  10:42  Marauder  
  165  10:45  Marine, Marauder x2  
  165  10:46  Marine x2  
  172  10:51  Supply Depot  
  172  10:56  Marine  
  173  10:59  Siege Tank  
  173  11:03  Marine, Marauder  
  185  11:13  SCV x3  
  185  11:16  Marine, Supply Depot  
  185  11:17  Marine, Marauder x3  
  196  11:19  Starport Tech Lab  
  195  11:29  Fusion Core  
  195  11:31  Marine  
  196  11:38  Marauder x2  
  200  11:51  Marine  
  200  11:56  Concussive Shells  
  200  12:03  Marine  
  125  12:18  Marine x3, Marauder x5  
  125  12:19  Siege Tank  
  125  12:21  Medivac, Marine  
  148  12:24  Orbital Command  
  132  12:36  Marine x3  
Tags
 
Add a new tag
Caveats
  • Supply blocks, unpowered buildings, or Contaminate may cause inaccurate times.
  • Supply counts are checked every 10 seconds.